 Dungeon Crawl Stone Soup version 0.32-a0-921-g04a7ad8e02 (webtiles) character file.

Game seed: 1140390047373113127

17822 kr4n3x the Destroyer (level 12, -8/91 HPs)
             Began as a Gnoll Conjurer on Apr 9, 2024.
             Was an Elder of Sif Muna.
             Mangled by a skyshark (9 damage)
             ... on level 1 of the Lair of Beasts on Apr 11, 2024.
             The game lasted 01:00:52 (18915 turns).

kr4n3x the Destroyer (Gnoll Conjurer)              Turns: 18915, Time: 01:00:52

Health: -8/91      AC: 12    Str:  8    XL:     12   Next: 52%
Magic:  25/25      EV: 18    Int: 22    God:    Sif Muna [****..]
Gold:   450        SH:  7    Dex: 10    Spells: 12/29 levels left

rFire   + . .        F - +4 falchion
rCold   . . .        k - +2 buckler of Theory {rF+ rN+ Dex-3}
rNeg    + . .        L - +0 robe of Kilod {+Blink Will++ Dex+3}
rPois   .            n - +0 helmet
rElec   .            i - +0 cloak
rCorr   .            (no gloves)
SInv    +            x - +2 pair of boots
Will    ++...        (no amulet)
Stlth   ++++         d - ring "Veruggac" {EV+5 SInv}
HPRegen 0.35/turn    O - +4 ring of protection
MPRegen 0.19/turn

%: no passive effects
@: no status effects
A: fangs 1, strong nose, distributed training
a: Renounce Religion, Evoke Blink, Channel Magic, Forget Spell, Divine Exegesis


You were on level 1 of the Lair of Beasts.
You worshipped Sif Muna.
Sif Muna was greatly pleased with you.
You visited 3 branches of the dungeon, and saw 13 of its levels.
You also visited: Bailey.

You collected 958 gold pieces.
You spent 508 gold pieces at shops.


Innate Abilities, Weirdness & Mutations

You have very sharp teeth.
Your uncanny sense of smell can sniff out nearby items.
Your experience applies equally to all skills.


   Skills:
 + Level 7.6 Fighting
 + Level 7.6 Short Blades
 + Level 7.6 Long Blades
 + Level 7.6 Axes
 + Level 7.6 Maces & Flails
 + Level 7.6 Polearms
 + Level 7.6 Staves
 + Level 7.6 Ranged Weapons
 + Level 7.6 Throwing
 + Level 7.6 Armour
 + Level 9.0 Dodging
 + Level 8.8 Stealth
 + Level 7.6 Shields
 + Level 7.6 Unarmed Combat
 + Level 9.2 Spellcasting
 + Level 9.6 Conjurations
 + Level 6.3 Hexes
 + Level 6.3 Summonings
 + Level 6.3 Necromancy
 + Level 6.3 Translocations
 + Level 6.3 Fire Magic
 + Level 6.3 Ice Magic
 + Level 6.3 Air Magic
 + Level 6.3 Earth Magic
 + Level 6.3 Alchemy
 + Level 8.4 Invocations
 + Level 7.6 Evocations
 + Level 7.0 Shapeshifting


You had 12 spell levels left.
You knew the following spells:

 Your Spells              Type           Power      Damage    Failure   Level
a - Animate Dead          Necr           38%        N/A       7%          4
b - Blink                 Tloc           76%        N/A       1%          2
f - Fulminant Prism       Conj/Alch      22%        3d12      3%          4
i - Iskenderun's Mystic   Conj/Tloc      45%        2d10      (+2d53%     4
m - Magic Dart            Conj           100%       1d8       1%          1
s - Searing Ray           Conj           100%       2d8       1%          2

Your spell library contained the following spells:

 Spells                   Type           Power      Damage    Failure   Level
 Jinxbite                 Hex            76%        N/A       1%          2
 Static Discharge         Conj/Air       90%        3-7/arc   1%          2
 Frozen Ramparts          Ice            76%        1d12      1%          3
 Ozocubu's Armour         Ice            38%        N/A       1%          3
 Ignite Poison            Fire/Alch      38%        N/A       7%          4
 Sticky Flame             Fire/Alch      38%        2d8       7%          4
 Arcjolt                  Conj/Air       22%        1d32      10%         5
 Borgnjor's Vile Clutch   Necr/Erth      19%        N/A       19%         5
 Metabolic Englaciation   Hex/Ice        19%        N/A       19%         5
 Summon Forest            Summ/Tloc      19%        N/A       19%         5
 Yara's Violent Unravell  Hex/Alch       19%        3d9       19%         5
 Conjure Ball Lightning   Conj/Air       22%        3x3d6     47%         6
 Death Channel            Necr           19%        N/A       71%         6
 Eringya's Noxious Bog    Alch           19%        4d6       71%         6
 Gell's Gavotte           Tloc           19%        2d(19-29) 71%         6
 Enfeeble                 Hex            19%        N/A       99%         7
 Summon Hydra             Summ           19%        N/A       99%         7
 Ignition                 Fire           19%        3d7       100%        8

Inventory:

Hand Weapons
 F - a +4 falchion (weapon)
   (You took it off a wight on level 8 of the Dungeon)
Missiles
 e - 123 stones
 f - 12 javelins
 m - 13 curare-tipped darts {=f}
 q - 62 poisoned darts
 t - 31 boomerangs
 C - 6 darts of dispersal {=f!f}
 E - 8 atropa-tipped darts
Armour
 i - a +0 cloak (worn)
   (You found it on level 1 of the Dungeon)
 k - the +2 buckler of Theory (worn) {rF+ rN+ Dex-3}
   (You bought it in a shop on level 5 of the Dungeon)

   Dex-3:     It affects your dexterity (-3).
   rF+:       It protects you from fire.
   rN+:       It protects you from negative energy.
 n - a +0 helmet (worn)
   (You took it off Robin on level 3 of the Dungeon)
 x - a +2 pair of boots (worn)
   (You found it on level 4 of the Dungeon)
 L - the +0 robe of Kilod (worn) {+Blink Will++ Dex+3}
   (You found it on level 11 of the Dungeon)

   Dex+3:     It affects your dexterity (+3).
   Will++:    It greatly increases your willpower.
   +Blink:    It lets you blink.
Magical Staves
 s - a staff of fire {!a}
   (You found it on level 4 of the Dungeon)
Jewellery
 d - the ring "Veruggac" (left hand) {EV+5 SInv}
   (You found it on level 5 of the Dungeon)

   [ring of evasion]

   EV+5:      It affects your evasion (+5).
   SInv:      It lets you see invisible.
 y - a ring of willpower
   (You found it on level 5 of the Dungeon)
 D - a +6 ring of dexterity
   (You found it on level 2 of the Dungeon)
 O - a +4 ring of protection (right hand)
   (You found it on level 1 of the Dungeon)
Wands
 r - a wand of polymorph (16)
   (You found it on level 3 of the Dungeon)
 z - a wand of digging (5)
   (You found it on level 5 of the Dungeon)
 B - a wand of quicksilver (19)
   (You found it on level 5 of the Dungeon)
 K - a wand of iceblast (15)
   (You took it off Jeremiah on level 8 of the Dungeon)
Scrolls
 c - a scroll of blinking {unknown}
 j - 3 scrolls of amnesia
 l - 4 scrolls of enchant armour {unknown}
 o - a scroll of revelation
 p - 3 scrolls of poison {!r}
 u - a scroll of torment {unknown}
 A - 2 scrolls of fog
 G - 5 scrolls of teleportation {@r4}
 J - a scroll of fear {unknown}
 P - a scroll of noise {unknown}
Potions
 a - 3 potions of resistance
 b - 2 potions of magic
 g - 2 potions of might
 h - 3 potions of ambrosia
 v - 3 potions of mutation {!q}
 w - a potion of lignification {!q}
 H - 2 potions of haste {@q3}
 I - 3 potions of enlightenment
 M - 2 potions of attraction {!q}
 N - a potion of cancellation {unknown}
 Q - a potion of heal wounds {@q2}

Dungeon Overview and Level Annotations

Branches:
Dungeon (11/15) Zot: 26364  Temple (1/1) D:4 Zot: 5807    Lair (1/5) D:11 Zot: 5042
    Orc (0/2) D:9          Bailey (visited)

Altars:
Ashenzari
Cheibriados
Dithmenos
Elyvilon
Fedhas
Gozag
Hepliaklqana
Kikubaaqudgha
Makhleb
Nemelex Xobeh
Okawaru
Qazlal
Ru
Sif Muna
Trog
Uskayaw
Vehumet
Wu Jian
Xom
Yredelemnul
Zin
The Shining One

Shops:
D:4 [   D:5 (:[*

Annotations:
D:3 exclusion: downstairs
D:7 exclusions: downstairs, howler monkey and kobold demonologist
D:8 3 runed translucent doors, Konar's ghost, novice CoHu
D:9 exclusion: downstairs
Lair:1 3 runed translucent doors, Oceus's ghost, journeyman KoHu; Utekae Hyibe's ghost, journeyman GrEE

...........#.#### #
..###PP......######.#
..# ####...........# ..#
#...###.###.## ..# #...#
## #.. ## .<# #...# ##
#.## #. ..#
#....###.##..# # # ..#
P............##^##. ##
....
.....###..@F........ #P
..####..#..
##.###..###### ## ..#
#...##..# #. ..#
#........# ###### ###
#.#....##.# #####..#.#
#.########.####.........
## #.......#######.
####.#### ## ###


You could see a skyshark (berserk).


Message History

You bite the skyshark, but do no damage.
You block the skyshark's attack. The skyshark barely misses you.
You block the skyshark's attack. 😮 HP[+1]
You closely miss the skyshark.
The skyshark bites you but does no damage.
The skyshark barely misses you.
The skyshark tail-slaps you but does no damage.
You barely miss the skyshark. The skyshark completely misses you.
The skyshark tail-slaps you.
The skyshark closely misses you. 😮 HP[-2]
You take 2 damage, and now have 53/91 hp.
You hit the skyshark. You block the skyshark's attack. x2
The skyshark misses you. 😮 HP[+1]
You hit the skyshark.
The skyshark bites you but does no damage.
The skyshark tail-slaps you but does no damage.
The skyshark tail-slaps you. 😮 HP[-5]
You take 5 damage, and now have 49/91 hp.
You closely miss the skyshark. You block the skyshark's attack.
The skyshark tail-slaps you but does no damage.
You block the skyshark's attack.
You slash the skyshark! The skyshark closely misses you.
The skyshark tail-slaps you but does no damage.
The skyshark completely misses you. 😮 HP[+1]
You hit the skyshark.
You bite the skyshark, but do no damage.
The skyshark bites you but does no damage.
The skyshark tail-slaps you but does no damage. x2
You hit the skyshark but do no damage.
You bite the skyshark, but do no damage.
The skyshark misses you. The skyshark closely misses you.
The skyshark barely misses you.
You barely miss the skyshark.
The skyshark bites you but does no damage.
The skyshark misses you. The skyshark closely misses you.
You hit the skyshark.
The skyshark no longer looks unusually strong. 😮 HP[+1]
You barely miss the skyshark. You block the skyshark's attack.
The skyshark closely misses you. You block the skyshark's attack.
You slash the skyshark! You block the skyshark's attack.
The skyshark tail-slaps you but does no damage.
The skyshark tail-slaps you. 😮 HP[-4]
You take 4 damage, and now have 47/91 hp.
You hit the skyshark. The skyshark bites you!
* * * LOW HITPOINT WARNING * * *
The skyshark tastes blood and grows stronger!
The skyshark tail-slaps you but does no damage.
The skyshark tail-slaps you.
* * * LOW HITPOINT WARNING * * *
You block the skyshark's attack. x2; The skyshark completely misses you. 😨 HP[-13]
You take 13 damage, and now have 34/91 hp.
You hit the skyshark. The skyshark bites you.
* * * LOW HITPOINT WARNING * * *
The skyshark enters a blood-rage!
The skyshark tail-slaps you but does no damage.
The skyshark tail-slaps you!
* * * LOW HITPOINT WARNING * * *
😱 HP[-12]
You take 12 damage, and now have 22/91 hp.
You closely miss the skyshark. The skyshark closely misses you.
The skyshark tail-slaps you but does no damage.
The skyshark completely misses you. 😨 HP[+1]
You hit the skyshark. You block the skyshark's attack.
The skyshark tail-slaps you.
* * * LOW HITPOINT WARNING * * *
The skyshark barely misses you. 😱 HP[-2]
You take 2 damage, and now have 21/91 hp.
You hit the skyshark.
You bite the skyshark, but do no damage.
The skyshark misses you. x2; You block the skyshark's attack.
The skyshark misses you. You block the skyshark's attack.
The skyshark closely misses you.
You hit the skyshark but do no damage. The skyshark completely misses you.
The skyshark tail-slaps you but does no damage.
You block the skyshark's attack. 😱 HP[+1]
You slash the skyshark! Your bite misses the skyshark. The skyshark bites you!!
* * * LOW HITPOINT WARNING * * *
The skyshark closely misses you. You block the skyshark's attack. x2
The skyshark closely misses you. The skyshark misses you. 😱 HP[-21]
You take 21 damage, and now have 1/91 hp.
MASSIVE DAMAGE!! (PAUSE) Unknown command.
Unknown command.
You closely miss the skyshark.
You bite the skyshark, but do no damage.
The skyshark barely misses you.
The skyshark tail-slaps you but does no damage.
The skyshark tail-slaps you!
You die...

Skill      XL: |  1  2  3  4  5  6  7  8  9 10 11 12 |
---------------+-------------------------------------+-----
Spellcasting   | 5 6 7 8 9 |  9.2
Invocations    | 1 2 3 4 5 6 7 8 |  8.4
Fighting       | 1 2 3 4 5 6 7 |  7.6
Short Blades   | 1 2 3 4 5 6 7 |  7.6
Long Blades    | 1 2 3 4 5 6 7 |  7.6
Axes           | 1 2 3 4 5 6 7 |  7.6
Maces & Flails | 1 2 3 4 5 6 7 |  7.6
Polearms       | 1 2 3 4 5 6 7 |  7.6
Staves         | 1 2 3 4 5 6 7 |  7.6
Ranged Weapons | 1 2 3 4 5 6 7 |  7.6
Throwing       | 1 2 3 4 5 6 7 |  7.6
Armour         | 1 2 3 4 5 6 7 |  7.6
Shields        | 1 2 3 4 5 6 7 |  7.6
Unarmed Combat | 1 2 3 4 5 6 7 |  7.6
Evocations     | 1 2 3 4 5 6 7 |  7.6
Shapeshifting  | 1 2 3 4 5 6 7 |  7.0
Hexes          | 1 2 3 4 5 6 |  6.3
Summonings     | 1 2 3 4 5 6 |  6.3
Necromancy     | 1 2 3 4 5 6 |  6.3
Translocations | 1 2 3 4 5 6 |  6.3
Fire Magic     | 1 2 3 4 5 6 |  6.3
Ice Magic      | 1 2 3 4 5 6 |  6.3
Air Magic      | 1 2 3 4 5 6 |  6.3
Earth Magic    | 1 2 3 4 5 6 |  6.3
Alchemy        | 1 2 3 4 5 6 |  6.3
Dodging        | 5 6 7 8 9 |  9.0
Stealth        | 5 6 7 8 |  8.8
Conjurations   | 8 9 |  9.6

Action                     |  1- 3 |  4- 6 |  7- 9 | 10-12 || total
---------------------------+-------+-------+-------+-------++-------
  Melee: Whip              |     9 |       |       |       ||     9
         Bite              |     1 |     1 |    13 |    25 ||    40
         Short sword       |       |     2 |       |       ||     2
         Falchion          |       |    29 |   100 |   155 ||   284
  Throw: Dart              |       |       |     1 |       ||     1
   Cast: Magic Dart        |    59 |   170 |   266 |   348 ||   843
         Iskenderun's Myst |       |     5 |    43 |   128 ||   176
         Searing Ray       |       |       |       |    20 ||    20
         Fulminant Prism   |       |       |       |    38 ||    38
 Invoke: Channel Magic     |       |       |     5 |     5 ||    10
  Evoke: Wand              |       |       |     2 |       ||     2
    Use: Scroll            |       |     5 |     9 |     4 ||    18
         Potion            |       |     1 |     2 |       ||     3
   Stab: Sleeping          |       |     1 |     2 |     5 ||     8
 Armour: Robe              |     9 |    48 |   106 |    60 ||   223
         Troll leather arm |       |       |    13 |    43 ||    56
         Acid dragon scale |       |       |       |    64 ||    64
  Dodge: Dodged            |     7 |    32 |   150 |   208 ||   397
  Block: Buckler           |       |       |       |    75 ||    75

Levels and vault maps discovered:
D:1:      kennysheep_arrival_forest, layout_basic, chequers_garden
D:2:      layout_basic
D:3:      layout_rooms, mainiacjoe_overflow_cross_hatched,
          nemelex_xobeh_ov_fountains_minmay, overflow_temple_1_default,
          nrook_uturn, minmay_cut_off, uniq_robin
D:4:      layout_basic, grunt_dithmenos_smoke, minmay_temple_entry_waves,
          serial_shops, nicolae_shop_advertising_works
          [nicolae_subvault_shop_adworks], minmay_cupped
D:5:      minmay_general_purpose_star, layout_loops_ring,
          gammafunk_temple_overflow_statue, serial_shops, shop,
          kennysheep_mini_moat, shop, nicolae_shop_bloodbath_and_beyond,
          dreamdust_wishing_well
D:6:      layout_layer_cave, mainiacjoe_overflow_alcove_1, grunt_decor_cap
D:7:      layout_loops_ring, mainiacjoe_overflow_two_lobes, enter_bailey_5,
          chequers_serial_rivers_large_b, minmay_the_grid_2x2
          [minmay_the_grid_tree, minmay_the_grid_gridbox,
          minmay_the_grid_all_tris, minmay_the_grid_prize_four_corners]
D:8:      layout_loops_corners, nicolae_qazlal_beasts_of_the_sky,
          nzn_wu_jian_council_hall, gammafunk_ghost_spectres, uniq_jeremiah
D:9:      layout_roguey, erik_orc_2, uniq_psyche
D:10:     layout_basic, marbit_many_paths, mainiacjoe_overflow_surrounded_room,
          mainiacjoe_overflow_small_starburst, nicolae_twisty_statue_hallways
D:11:     layout_loops_ring, dpeg_oklobed_lair,
          nicolae_kikubaaqudgha_miasma_corner
Temple:   nicolae_temple_ecumenical_triangle
Lair:1:   layout_loops_ring, gammafunk_ghost_cemetery, grunt_megastairs_1,
          uniq_gastronok

Notes
Turn   | Place    | Note
-------+----------+-------------------------------------------
     0 | D:1      | kr4n3x the Gnoll Conjurer began the quest for the Orb.
     0 | D:1      | Reached XP level 1. HP: 13/13 MP: 6/6
     0 | D:1      | magus.rc [v1.11.7]
    79 | D:1      | Reached XP level 2. HP: 15/19 MP: 0/7
   565 | D:1      | Reached skill level 5 in Spellcasting
   565 | D:1      | Reached XP level 3. HP: 25/25 MP: 6/9
   859 | D:1      | Reached skill level 1 in Invocations
  1300 | D:2      | Reached skill level 1 in Fighting
  1300 | D:2      | Reached skill level 1 in Short Blades
  1300 | D:2      | Reached skill level 1 in Long Blades
  1300 | D:2      | Reached skill level 1 in Axes
  1300 | D:2      | Reached skill level 1 in Maces & Flails
  1300 | D:2      | Reached skill level 1 in Polearms
  1300 | D:2      | Reached skill level 1 in Staves
  1300 | D:2      | Reached skill level 1 in Ranged Weapons
  1300 | D:2      | Reached skill level 1 in Throwing
  1300 | D:2      | Reached skill level 1 in Armour
  1300 | D:2      | Reached skill level 1 in Shields
  1300 | D:2      | Reached skill level 1 in Unarmed Combat
  1300 | D:2      | Reached skill level 1 in Evocations
  1348 | D:2      | Reached skill level 1 in Shapeshifting
  1348 | D:2      | Reached XP level 4. HP: 32/32 MP: 7/11
  1780 | D:2      | Reached skill level 1 in Hexes
  1780 | D:2      | Reached skill level 1 in Summonings
  1780 | D:2      | Reached skill level 1 in Necromancy
  1780 | D:2      | Reached skill level 1 in Translocations
  1780 | D:2      | Reached skill level 1 in Fire Magic
  1780 | D:2      | Reached skill level 1 in Ice Magic
  1780 | D:2      | Reached skill level 1 in Air Magic
  1780 | D:2      | Reached skill level 1 in Earth Magic
  1780 | D:2      | Reached skill level 1 in Alchemy
  1993 | D:2      | Learned a level 2 spell: Searing Ray
  1998 | D:2      | Learned a level 4 spell: Iskenderun's Mystic Blast
  2341 | D:3      | Noticed Robin
  2400 | D:3      | Found a bloodstained altar of Trog.
  2459 | D:3      | Found a sparkling altar of Nemelex Xobeh.
  2556 | D:3      | Reached XP level 5. HP: 37/37 MP: 7/12
  2592 | D:3      | Found a shimmering blue altar of Sif Muna.
  2670 | D:3      | Killed Robin
  2780 | D:3      | Became a worshipper of Sif Muna the Loreminder
  3113 | D:4      | Found a shadowy altar of Dithmenos.
  3220 | D:4      | Found Voana's Armour Emporium.
  3492 | D:4      | Reached skill level 2 in Invocations
  3534 | D:4      | Found a staircase to the Ecumenical Temple.
  3581 | D:4      | Reached XP level 6. HP: 25/44 MP: 8/13
  3676 | D:4      | Reached skill level 5 in Dodging
  3799 | D:4      | Reached skill level 2 in Fighting
  3799 | D:4      | Reached skill level 2 in Short Blades
  3799 | D:4      | Reached skill level 2 in Long Blades
  3799 | D:4      | Reached skill level 2 in Axes
  3799 | D:4      | Reached skill level 2 in Maces & Flails
  3799 | D:4      | Reached skill level 2 in Polearms
  3799 | D:4      | Reached skill level 2 in Staves
  3799 | D:4      | Reached skill level 2 in Ranged Weapons
  3799 | D:4      | Reached skill level 2 in Throwing
  3799 | D:4      | Reached skill level 2 in Armour
  3799 | D:4      | Reached skill level 2 in Shields
  3799 | D:4      | Reached skill level 2 in Unarmed Combat
  3799 | D:4      | Reached skill level 2 in Evocations
  3827 | Temple   | Entered the Ecumenical Temple
  3923 | Temple   | Reached * piety under Sif Muna
  4033 | D:4      | Reached skill level 2 in Shapeshifting
  4368 | D:4      | Reached XP level 7. HP: 32/51 MP: 4/15
  4461 | D:4      | Reached skill level 2 in Hexes
  4461 | D:4      | Reached skill level 2 in Summonings
  4461 | D:4      | Reached skill level 2 in Necromancy
  4461 | D:4      | Reached skill level 2 in Translocations
  4461 | D:4      | Reached skill level 2 in Fire Magic
  4461 | D:4      | Reached skill level 2 in Ice Magic
  4461 | D:4      | Reached skill level 2 in Air Magic
  4461 | D:4      | Reached skill level 2 in Earth Magic
  4461 | D:4      | Reached skill level 2 in Alchemy
  4572 | D:4      | Reached skill level 5 in Stealth
  4690 | D:4      | Reached skill level 3 in Invocations
  5034 | D:5      | Entered Level 5 of the Dungeon
  5138 | D:5      | Found Moen Uxopp's General Store.
  5155 | D:5      | Found Tiozumy's Book Emporium.
  5168 | D:5      | Reached skill level 3 in Fighting
  5168 | D:5      | Reached skill level 3 in Short Blades
  5168 | D:5      | Reached skill level 3 in Long Blades
  5168 | D:5      | Reached skill level 3 in Axes
  5168 | D:5      | Reached skill level 3 in Maces & Flails
  5168 | D:5      | Reached skill level 3 in Polearms
  5168 | D:5      | Reached skill level 3 in Staves
  5168 | D:5      | Reached skill level 3 in Ranged Weapons
  5168 | D:5      | Reached skill level 3 in Throwing
  5168 | D:5      | Reached skill level 3 in Armour
  5168 | D:5      | Reached skill level 3 in Shields
  5168 | D:5      | Reached skill level 3 in Unarmed Combat
  5168 | D:5      | Reached skill level 3 in Evocations
  5199 | D:5      | Reached XP level 8. HP: 58/58 MP: 3/16
  5521 | D:5      | Found Quikku Xoap's Weapon Shoppe.
  5567 | D:5      | Found an opulent altar of Gozag.
  5567 | D:5      | Found a glowing golden altar of the Shining One.
  5696 | D:5      | Reached skill level 6 in Spellcasting
  5845 | D:5      | You add the spells Ignite Poison, Sticky Flame and Ignition
                  | to your library.
  5867 | D:5      | Reached skill level 3 in Shapeshifting
  6191 | D:5      | Reached ** piety under Sif Muna
  6314 | D:5      | Reached skill level 4 in Invocations
  6460 | D:5      | Reached skill level 3 in Hexes
  6460 | D:5      | Reached skill level 3 in Summonings
  6460 | D:5      | Reached skill level 3 in Necromancy
  6460 | D:5      | Reached skill level 3 in Translocations
  6460 | D:5      | Reached skill level 3 in Fire Magic
  6460 | D:5      | Reached skill level 3 in Ice Magic
  6460 | D:5      | Reached skill level 3 in Air Magic
  6460 | D:5      | Reached skill level 3 in Earth Magic
  6460 | D:5      | Reached skill level 3 in Alchemy
  6617 | D:5      | Reached skill level 6 in Dodging
  6622 | D:5      | Identified the ring "Veruggac" {EV+5 SInv}
  6693 | D:5      | You add the spells Summon Forest, Eringya's Noxious Bog and
                  | Summon Hydra to your library.
  6753 | D:5      | Found Gaciodgh's Antique Armour Emporium.
  7514 | D:6      | Reached skill level 4 in Fighting
  7514 | D:6      | Reached skill level 4 in Short Blades
  7514 | D:6      | Reached skill level 4 in Long Blades
  7514 | D:6      | Reached skill level 4 in Axes
  7514 | D:6      | Reached skill level 4 in Maces & Flails
  7514 | D:6      | Reached skill level 4 in Polearms
  7514 | D:6      | Reached skill level 4 in Staves
  7514 | D:6      | Reached skill level 4 in Ranged Weapons
  7514 | D:6      | Reached skill level 4 in Throwing
  7514 | D:6      | Reached skill level 4 in Armour
  7514 | D:6      | Reached skill level 4 in Shields
  7514 | D:6      | Reached skill level 4 in Unarmed Combat
  7514 | D:6      | Reached skill level 4 in Evocations
  7514 | D:6      | Reached XP level 9. HP: 55/65 MP: 1/18
  7976 | D:6      | Identified a scroll of acquirement
  7977 | D:6      | Acquired the Compilation of the Maze
  7978 | D:6      | You add the spells Static Discharge, Blink, Arcjolt,
                  | Conjure Ball Lightning and Gell's Gavotte to your library.
  7982 | D:6      | Learned a level 2 spell: Blink
  8326 | D:6      | Found a burning altar of Makhleb.
  8585 | D:7      | Found a flagged portal.
  8637 | Bailey   | Entered a bailey
  8672 | Bailey   | Reached skill level 6 in Stealth
  8672 | Bailey   | Reached skill level 8 in Conjurations
  8903 | Bailey   | Noticed an orc knight
  8926 | Bailey   | Reached skill level 4 in Shapeshifting
  8940 | Bailey   | Reached skill level 5 in Invocations
  8969 | Bailey   | Killed an orc knight
  8970 | Bailey   | Reached skill level 7 in Spellcasting
  8970 | Bailey   | Reached skill level 4 in Hexes
  8970 | Bailey   | Reached skill level 4 in Summonings
  8970 | Bailey   | Reached skill level 4 in Necromancy
  8970 | Bailey   | Reached skill level 4 in Translocations
  8970 | Bailey   | Reached skill level 4 in Fire Magic
  8970 | Bailey   | Reached skill level 4 in Ice Magic
  8970 | Bailey   | Reached skill level 4 in Air Magic
  8970 | Bailey   | Reached skill level 4 in Earth Magic
  8970 | Bailey   | Reached skill level 4 in Alchemy
  9048 | Bailey   | Found a bloodstained altar of Trog.
  9294 | D:7      | Noticed a kobold demonologist
  9320 | D:7      | Reached skill level 5 in Fighting
  9320 | D:7      | Reached skill level 5 in Short Blades
  9320 | D:7      | Reached skill level 5 in Long Blades
  9320 | D:7      | Reached skill level 5 in Axes
  9320 | D:7      | Reached skill level 5 in Maces & Flails
  9320 | D:7      | Reached skill level 5 in Polearms
  9320 | D:7      | Reached skill level 5 in Staves
  9320 | D:7      | Reached skill level 5 in Ranged Weapons
  9320 | D:7      | Reached skill level 5 in Throwing
  9320 | D:7      | Reached skill level 5 in Armour
  9320 | D:7      | Reached skill level 5 in Shields
  9320 | D:7      | Reached skill level 5 in Unarmed Combat
  9320 | D:7      | Reached skill level 5 in Evocations
  9320 | D:7      | Reached XP level 10. HP: 74/74 MP: 10/20
  9338 | D:7      | Reached skill level 7 in Dodging
  9412 | D:7      | Noticed a deep elf pyromancer
  9418 | D:7      | Noticed a two-headed ogre
  9451 | D:7      | Killed a deep elf pyromancer
  9537 | D:7      | Killed a two-headed ogre
  9538 | D:7      | Reached skill level 7 in Stealth
  9538 | D:7      | Reached skill level 6 in Invocations
  9538 | D:7      | Reached skill level 5 in Shapeshifting
  9616 | D:7      | Killed a kobold demonologist
  9630 | D:7      | Noticed a two-headed ogre
  9636 | D:7      | Noticed a gargoyle
  9641 | D:7      | Killed a two-headed ogre
  9664 | D:7      | Killed a gargoyle
 10129 | D:7      | Reached *** piety under Sif Muna
 10161 | D:7      | Reached skill level 6 in Fighting
 10161 | D:7      | Reached skill level 6 in Short Blades
 10161 | D:7      | Reached skill level 6 in Long Blades
 10161 | D:7      | Reached skill level 6 in Axes
 10161 | D:7      | Reached skill level 6 in Maces & Flails
 10161 | D:7      | Reached skill level 6 in Polearms
 10161 | D:7      | Reached skill level 6 in Staves
 10161 | D:7      | Reached skill level 6 in Ranged Weapons
 10161 | D:7      | Reached skill level 6 in Throwing
 10161 | D:7      | Reached skill level 6 in Armour
 10161 | D:7      | Reached skill level 6 in Shields
 10161 | D:7      | Reached skill level 6 in Unarmed Combat
 10161 | D:7      | Reached skill level 6 in Evocations
 10311 | D:7      | Found a hazy altar of Hepliaklqana.
 10671 | D:7      | Reached skill level 5 in Hexes
 10671 | D:7      | Reached skill level 5 in Summonings
 10671 | D:7      | Reached skill level 5 in Necromancy
 10671 | D:7      | Reached skill level 5 in Translocations
 10671 | D:7      | Reached skill level 5 in Fire Magic
 10671 | D:7      | Reached skill level 5 in Ice Magic
 10671 | D:7      | Reached skill level 5 in Air Magic
 10671 | D:7      | Reached skill level 5 in Earth Magic
 10671 | D:7      | Reached skill level 5 in Alchemy
 10842 | D:7      | You add the spells Jinxbite, Yara's Violent Unravelling and
                  | Enfeeble to your library.
 10977 | D:7      | Found an ancient bone altar of Kikubaaqudgha.
 11019 | D:7      | Reached XP level 11. HP: 81/81 MP: 8/22
 11043 | D:7      | Noticed a cyclops
 11063 | D:7      | Killed a cyclops
 11064 | D:7      | Reached skill level 8 in Spellcasting
 11398 | D:8      | Found a runed translucent gate.
 11398 | D:8      | Found a runed translucent gate.
 11398 | D:8      | Found a runed translucent gate.
 11399 | D:8      | Noticed Konar's ghost (novice CoHu)
 11679 | D:8      | Found a stormy altar of Qazlal.
 12036 | D:5      | Bought the +2 buckler of Theory {rF+ rN+ Dex-3} for 396
                  | gold pieces
 12036 | D:5      | Bought a scroll of revelation for 112 gold pieces
 12158 | D:8      | Noticed Jeremiah
 12159 | D:8      | magus.rc [v1.11.7]
 12159 | D:8      | magus.rc [v1.11.7]
 12159 | D:8      | magus.rc [v1.11.7]
 12172 | D:8      | Killed Jeremiah
 12173 | D:8      | Reached skill level 9 in Conjurations
 12173 | D:8      | Reached skill level 7 in Invocations
 12658 | D:8      | Reached skill level 8 in Dodging
 13485 | D:8      | Found an ornate altar of the Wu Jian Council.
 13706 | D:9      | Reached skill level 6 in Shapeshifting
 13972 | D:9      | Learned a level 4 spell: Fulminant Prism
 14212 | D:9      | You add the spells Frozen Ramparts, Ozocubu's Armour and
                  | Metabolic Englaciation to your library.
 14296 | D:9      | Paralysed by a hornet for 2 turns
 14304 | D:9      | Reached skill level 8 in Stealth
 14621 | D:9      | Reached **** piety under Sif Muna
 14931 | D:9      | Noticed Psyche
 15050 | D:9      | Killed Psyche
 15301 | D:9      | Found a staircase to the Orcish Mines.
 15310 | D:9      | You add the spells Animate Dead, Borgnjor's Vile Clutch and
                  | Death Channel to your library.
 15316 | D:9      | Learned a level 4 spell: Animate Dead
 15592 | D:10     | Entered Level 10 of the Dungeon
 16217 | D:10     | Reached skill level 7 in Fighting
 16217 | D:10     | Reached skill level 7 in Short Blades
 16217 | D:10     | Reached skill level 7 in Long Blades
 16217 | D:10     | Reached skill level 7 in Axes
 16217 | D:10     | Reached skill level 7 in Maces & Flails
 16217 | D:10     | Reached skill level 7 in Polearms
 16217 | D:10     | Reached skill level 7 in Staves
 16217 | D:10     | Reached skill level 7 in Ranged Weapons
 16217 | D:10     | Reached skill level 7 in Throwing
 16217 | D:10     | Reached skill level 7 in Armour
 16217 | D:10     | Reached skill level 7 in Shields
 16217 | D:10     | Reached skill level 7 in Unarmed Combat
 16217 | D:10     | Reached skill level 7 in Evocations
 16289 | D:10     | Found an iron altar of Okawaru.
 16396 | D:10     | Noticed a two-headed ogre
 16417 | D:10     | Killed a two-headed ogre
 16430 | D:10     | Noticed a two-headed ogre
 16605 | D:10     | Reached XP level 12. HP: 91/91 MP: 17/24
 16855 | D:10     | Found a broken altar of Ashenzari.
 16965 | D:10     | Found a basalt altar of Yredelemnul.
 17187 | D:10     | Killed a two-headed ogre
 17188 | D:10     | Reached skill level 6 in Hexes
 17188 | D:10     | Reached skill level 6 in Summonings
 17188 | D:10     | Reached skill level 6 in Necromancy
 17188 | D:10     | Reached skill level 6 in Translocations
 17188 | D:10     | Reached skill level 6 in Fire Magic
 17188 | D:10     | Reached skill level 6 in Ice Magic
 17188 | D:10     | Reached skill level 6 in Air Magic
 17188 | D:10     | Reached skill level 6 in Earth Magic
 17188 | D:10     | Reached skill level 6 in Alchemy
 17572 | D:11     | Found a staircase to the Lair.
 17598 | D:11     | Reached skill level 8 in Invocations
 17782 | D:11     | Identified the +0 robe of Kilod {+Blink Will++ Dex+3}
 17811 | Lair:1   | Entered Level 1 of the Lair of Beasts
 17812 | Lair:1   | Upgraded the game from 0.32-a0-913-g739538afd8 to
                  | 0.32-a0-918-g0f22ef8d61
 17812 | Lair:1   | magus.rc [v1.11.7]
 17828 | D:11     | Reached skill level 9 in Spellcasting
 18095 | Lair:1   | Found a runed translucent gate.
 18096 | Lair:1   | Found a runed translucent gate.
 18096 | Lair:1   | Found a runed translucent gate.
 18097 | Lair:1   | Noticed Utekae Hyibe's ghost (journeyman GrEE)
 18097 | Lair:1   | Noticed Oceus's ghost (journeyman KoHu)
 18565 | Lair:1   | magus.rc [v1.11.7]
 18702 | Lair:1   | Noticed Gastronok
 18703 | Lair:1   | magus.rc [v1.11.7]
 18703 | Lair:1   | Upgraded the game from 0.32-a0-918-g0f22ef8d61 to
                  | 0.32-a0-921-g04a7ad8e02
 18703 | Lair:1   | magus.rc [v1.11.7]
 18733 | Lair:1   | HP: 15/91 [Gastronok (13)]
 18739 | Lair:1   | Killed Gastronok
 18740 | Lair:1   | Reached skill level 9 in Dodging
 18740 | Lair:1   | Reached skill level 7 in Shapeshifting
 18886 | Lair:1   | Noticed a skyshark
 18909 | Lair:1   | HP: 22/91 [skyshark (7)]
 18914 | Lair:1   | HP: 1/91 [skyshark (21)]
 18915 | Lair:1   | Mangled by a skyshark

Vanquished Creatures
  Gastronok (Lair:1)
  4 two-headed ogres
  A deep elf pyromancer (D:7)
  A cyclops (D:7)
  An oklob plant (D:11)
  An orc knight (Bailey)
  A black mamba (Lair:1)
  3 cane toads (Lair:1)
  A gargoyle (D:7)
  Jeremiah (D:8)
  2 komodo dragons
  2 kobold demonologists
  Psyche (D:9)
  2 hornets
  A slime creature (D:7)
  2 vampires (D:10)
  2 wraiths
  A wyvern (D:8)
  14 yaks
  3 water moccasins
  3 acid dragons
  An ice beast (D:5)
  11 orc warriors
  2 sky beasts
  5 black bears
  2 ogres
  A centaur (D:10)
  2 phantoms (D:5)
  14 kobold brigands
  5 bullfrogs
  2 scorpions (D:4)
  7 wights
  A killer bee (D:7)
  9 howler monkeys
  2 bombardier beetles
  2 electric eels (D:9)
  2 jellies
  7 hounds
  12 orc priests
  6 iguanas
  17 orc wizards
  Robin (D:3)
  7 gnolls
  6 adders
  3 shadow imps
  7 white imps
  4 ufetubi
  5 dart slugs
  2 ribbon worms
  46 orcs
  7 bats
  12 endoplasms
  A giant cockroach (D:4)
  20 goblins
  6 hobgoblins
  7 jackals (D:1)
  31 kobolds
  2 quokkas
  9 ball pythons
  3 frilled lizards (D:1)
  4 rats
341 creatures vanquished.

Vanquished Creatures (others)
  38 fulminant prisms
38 creatures vanquished.

Grand Total: 379 creatures vanquished

Table legend:
 A = Non-vault XP
 B = Vault XP
 C = Vault XP percentage of total XP
 D = Non-vault monster count
 E = Vault monster count
 F = Vault count percentage of total count
                 A         B        C        D         E       F
            +---------+---------+-------+---------+---------+-------
      Total |   14142 |   11318 |  44.5 |     242 |      99 |  29.0
            +---------+---------+-------+---------+---------+-------
        D:1 |      57 |       0 |   0.0 |      32 |       0 |   0.0
        D:2 |      84 |       0 |   0.0 |      14 |       0 |   0.0
        D:3 |      44 |      39 |  47.0 |      11 |      15 |  57.7
        D:4 |     742 |     131 |  15.0 |      35 |       3 |   7.9
        D:5 |     712 |     280 |  28.2 |      23 |       4 |  14.8
        D:6 |     571 |       0 |   0.0 |      12 |       0 |   0.0
        D:7 |     754 |    4691 |  86.2 |      30 |      23 |  43.4
        D:8 |    2935 |     497 |  14.5 |      30 |       2 |   6.2
        D:9 |    1596 |    1080 |  40.4 |      19 |      22 |  53.7
       D:10 |    3500 |     205 |   5.5 |      18 |       1 |   5.3
       D:11 |     913 |     565 |  38.2 |       9 |       1 |  10.0
     Temple |      36 |       0 |   0.0 |       1 |       0 |   0.0
     Lair:1 |    2198 |    2133 |  49.2 |       8 |       3 |  27.3
     Bailey |       0 |    1697 | 100.0 |       0 |      25 | 100.0
            +---------+---------+-------+---------+---------+-------

Skill      XL: |  1  2  3  4  5  6  7  8  9 10 11 12 |
---------------+-------------------------------------+-----
Spellcasting   | 5 6 7 8 9 |  9.2
Invocations    | 1 2 3 4 5 6 7 8 |  8.4
Fighting       | 1 2 3 4 5 6 7 |  7.6
Short Blades   | 1 2 3 4 5 6 7 |  7.6
Long Blades    | 1 2 3 4 5 6 7 |  7.6
Axes           | 1 2 3 4 5 6 7 |  7.6
Maces & Flails | 1 2 3 4 5 6 7 |  7.6
Polearms       | 1 2 3 4 5 6 7 |  7.6
Staves         | 1 2 3 4 5 6 7 |  7.6
Ranged Weapons | 1 2 3 4 5 6 7 |  7.6
Throwing       | 1 2 3 4 5 6 7 |  7.6
Armour         | 1 2 3 4 5 6 7 |  7.6
Shields        | 1 2 3 4 5 6 7 |  7.6
Unarmed Combat | 1 2 3 4 5 6 7 |  7.6
Evocations     | 1 2 3 4 5 6 7 |  7.6
Shapeshifting  | 1 2 3 4 5 6 7 |  7.0
Hexes          | 1 2 3 4 5 6 |  6.3
Summonings     | 1 2 3 4 5 6 |  6.3
Necromancy     | 1 2 3 4 5 6 |  6.3
Translocations | 1 2 3 4 5 6 |  6.3
Fire Magic     | 1 2 3 4 5 6 |  6.3
Ice Magic      | 1 2 3 4 5 6 |  6.3
Air Magic      | 1 2 3 4 5 6 |  6.3
Earth Magic    | 1 2 3 4 5 6 |  6.3
Alchemy        | 1 2 3 4 5 6 |  6.3
Dodging        | 5 6 7 8 9 |  9.0
Stealth        | 5 6 7 8 |  8.8
Conjurations   | 8 9 |  9.6

Action                     |  1- 3 |  4- 6 |  7- 9 | 10-12 || total
---------------------------+-------+-------+-------+-------++-------
  Melee: Whip              |     9 |       |       |       ||     9
         Bite              |     1 |     1 |    13 |    25 ||    40
         Short sword       |       |     2 |       |       ||     2
         Falchion          |       |    29 |   100 |   155 ||   284
  Throw: Dart              |       |       |     1 |       ||     1
   Cast: Magic Dart        |    59 |   170 |   266 |   348 ||   843
         Iskenderun's Myst |       |     5 |    43 |   128 ||   176
         Searing Ray       |       |       |       |    20 ||    20
         Fulminant Prism   |       |       |       |    38 ||    38
 Invoke: Channel Magic     |       |       |     5 |     5 ||    10
  Evoke: Wand              |       |       |     2 |       ||     2
    Use: Scroll            |       |     5 |     9 |     4 ||    18
         Potion            |       |     1 |     2 |       ||     3
   Stab: Sleeping          |       |     1 |     2 |     5 ||     8
 Armour: Robe              |     9 |    48 |   106 |    60 ||   223
         Troll leather arm |       |       |    13 |    43 ||    56
         Acid dragon scale |       |       |       |    64 ||    64
  Dodge: Dodged            |     7 |    32 |   150 |   208 ||   397
  Block: Buckler           |       |       |       |    75 ||    75

Illustrated notes

Table legend:
 A = Kills in this place as a percentage of kills in the entire game.
 B = Kills by you in this place as a percentage of kills by you in the entire game.
 C = Kills by friends in this place as a percentage of kills by friends in the entire game.
 D = Other kills in this place as a percentage of other kills in the entire game.
 E = Experience gained in this place as a percentage of experience gained in the entire game.
 F = Experience gained in this place divided by the number of levels of this place that you have seen.
                   A       B       C       D       E      F
               +-------+-------+-------+-------+-------+----------------------
         Total | 100.0 | 100.0 |   N/A |   N/A | 100.0 | 1818.6
       Dungeon |  89.1 |  89.1 |   N/A |   N/A |  76.2 | 1763.3
        Temple |   0.3 |   0.3 |   N/A |   N/A |   0.1 |  36.0
          Lair |   3.2 |   3.2 |   N/A |   N/A |  17.0 | 4331.0
        Bailey |   7.3 |   7.3 |   N/A |   N/A |   6.7 | 1697.0
               +-------+-------+-------+-------+-------+----------------------

Table legend: (Time is in decaauts)
 A = Elapsed time spent in this place.
 B = Non-inter-level travel time spent in this place.
 C = Inter-level travel time spent in this place.
 D = Time resting spent in this place.
 E = Time spent auto-exploring this place.
 F = Levels seen in this place.
 G = Mean time per level.
                   A        B        C        D        E       F      G
               +--------+--------+--------+--------+--------+-----+--------+
         Total |  19026 |  18280 |    746 |   2149 |  13032 |  14 | 1359.0 |
       Dungeon |  17381 |  16635 |    746 |   1979 |  11989 |  11 | 1580.1 |
        Temple |    193 |    193 |      0 |    158 |      0 |   1 |  193.0 |
          Lair |    957 |    957 |      0 |      0 |    771 |   1 |  957.0 |
        Bailey |    495 |    495 |      0 |     12 |    271 |   1 |  495.0 |
               +--------+--------+--------+--------+--------+-----+--------+

Top non-repeatable levels by time:
     D:8: 2401 daAuts
     D:7: 2355 daAuts
     D:9: 1999 daAuts
     D:5: 1985 daAuts
     D:4: 1809 daAuts
    D:10: 1676 daAuts
     D:6: 1506 daAuts
     D:1: 1200 daAuts
     D:3: 1035 daAuts
  Lair:1: 957 daAuts
     D:2: 953 daAuts
  Bailey: 495 daAuts
    D:11: 456 daAuts
  Temple: 193 daAuts
